Map: Altitude LE

Players

A.I. 1 (Medium)

  • Race: Terran Terran
  • Spawn Location: 1:00

TuFFGoNG - Winner!

  • Race: Terran Terran
  • League: Silver
  • Spawn Location: 7:00

VOD

Have the link to the VOD?

Description

Time

  • Played on: Aug. 24, 2023, 8:23 p.m.
  • Length: 10:13
Show
View Real Time Build Order
Export as new Build Order

A.I. 1 (Medium) Terran 

Build Orders:  

Get SALT Encoding   

  12  0:00  SCV  
  13  0:13  SCV  
  14  0:20  Supply Depot  
  14  0:25  SCV  
  15  0:41  SCV  
  16  0:45  Barracks  
  16  0:50  Refinery  
  16  0:54  SCV  
  17  1:06  SCV  
  18  1:15  Supply Depot  
  18  1:33  Barracks, Orbital Command, Marine  
  19  1:43  Refinery  
  19  1:51  Barracks Tech Lab  
  19  2:09  Marine  
  19  2:11  Supply Depot  
  20  2:19  Marine  
  21  2:28  Marine  
  22  2:32  SCV  
  23  2:37  Marine  
  23  2:44  SCV  
  25  2:46  Engineering Bay, Marauder  
  27  2:55  Marine  
  27  2:56  SCV  
  27  2:58  Supply Depot  
  29  3:08  SCV, Marauder  
  32  3:13  Marine  
  33  3:20  SCV  
  34  3:28  Marine  
  34  3:32  SCV  
  36  5:13  Barracks Tech Lab, SCV  
  39  5:14  Marauder  
  39  5:15  Factory  
  39  5:18  Factory  
  39  5:20  Missile Turret  
  39  5:22  Missile Turret  
  39  5:26  Sensor Tower  
  39  5:28  Ghost Academy  
  39  5:30  Supply Depot  
  39  5:31  SCV  
  39  5:34  Barracks  
  42  5:35  Marauder  
  42  5:43  Bunker  
  42  5:57  Ghost  
  42  6:02  Armory  
  32  6:06  Marine  
  32  6:07  Starport  
  32  6:08  Factory Tech Lab x2, Command Center  
  33  6:21  Barracks Reactor  
  33  6:24  Marine  
  34  6:28  Marine  
  35  6:42  Marine  
  35  6:44  Starport Tech Lab  
  35  6:46  Marine  
  37  7:00  Marine  
  38  7:05  Raven, Marine  
  41  7:18  Marauder  
  41  7:21  SCV  
  44  7:23  SCV  
  44  7:24  Marauder  
  47  7:33  Marine, SCV  
  47  7:36  Refinery, SCV  
  50  7:38  Missile Turret  
  50  7:39  Raven  
  50  7:40  Missile Turret  
  52  7:45  SCV  
  52  7:48  SCV  
  54  7:57  SCV  
  54  7:58  Refinery  
  53  8:00  Bunker  
  53  8:01  Hellion  
  51  8:08  Hellion  
  51  8:09  Missile Turret, SCV  
  53  8:13  Raven  
  53  8:14  Supply Depot  
  52  8:21  SCV  
  52  8:33  SCV  
  53  8:36  Command Center  
  53  8:38  Marine  
  48  8:45  SCV  
  34  8:59  Marine  
  19  9:14  Hellion, SCV  
  15  9:26  SCV  
  7  9:49  SCV  
Show
View Real Time Build Order
Export as new Build Order

TuFFGoNG Terran - Winner!

Build Orders:  

Get SALT Encoding   

  12  0:00  SCV  
  13  0:12  SCV  
  14  0:17  Supply Depot  
  14  0:24  SCV  
  15  0:39  SCV  
  15  0:40  Barracks  
  16  0:44  Refinery  
  16  0:51  SCV  
  17  1:03  SCV  
  18  1:15  SCV  
  19  1:28  Orbital Command  
  19  1:33  Barracks Reactor  
  19  1:46  Command Center  
  19  1:58  Supply Depot, SCV  
  20  2:10  SCV  
  20  2:12  Marine x2  
  23  2:22  SCV  
  24  2:28  Barracks  
  24  2:31  Barracks  
  24  2:34  SCV  
  25  2:39  Marine x2  
  27  2:45  Refinery  
  27  2:48  SCV  
  28  2:59  Orbital Command  
  28  3:00  SCV  
  28  3:03  Marine  
  28  3:05  Marine  
  31  3:12  SCV  
  32  3:15  Barracks Tech Lab  
  32  3:19  Barracks Tech Lab  
  32  3:21  Marine  
  32  3:23  Marine  
  32  3:24  SCV  
  35  3:32  Factory  
  35  3:34  SCV  
  35  3:36  SCV  
  35  3:40  Stimpack  
  37  3:44  Combat Shield  
  37  3:54  Marauder x2  
  41  3:56  SCV  
  41  3:57  SCV  
  41  4:00  Marine  
  41  4:01  Marine  
  45  4:08  Supply Depot  
  45  4:12  Supply Depot  
  45  4:14  SCV  
  46  4:18  Factory Tech Lab  
  46  4:20  Factory Reactor  
  46  4:27  Starport  
  46  4:29  SCV  
  46  4:30  Marauder  
  46  4:31  Marauder  
  51  4:34  SCV  
  51  4:36  Marine x2  
  54  4:46  SCV  
  54  4:47  Supply Depot x2, SCV  
  54  4:52  Marauder  
  58  4:53  Marauder  
  58  4:57  Marine x2  
  62  5:08  Factory Tech Lab, SCV x2  
  62  5:09  Medivac x2  
  68  5:16  Engineering Bay  
  68  5:21  SCV  
  68  5:22  SCV  
  68  5:24  Supply Depot  
  68  5:25  Supply Depot  
  68  5:26  Marauder x2  
  74  5:35  Siege Tank  
  77  5:37  SCV  
  78  5:45  Marine x2, SCV  
  78  5:49  Marauder x2  
  85  5:54  Barracks  
  85  5:55  SCV  
  85  5:56  Barracks  
  85  6:08  Marine x2  
  87  6:14  Siege Tank  
  90  6:19  Refinery  
  90  6:35  Marine x4  
  94  6:48  Supply Depot x2  
  94  6:49  Supply Depot  
  94  6:50  Supply Depot  
  94  6:52  Supply Depot  
  94  6:56  Engineering Bay, Barracks Reactor, Barracks Tech Lab  
  94  7:09  Marine x4, Siege Tank  
  94  7:10  Medivac x2  
  105  7:19  Marine  
  106  7:23  Terran Infantry Weapons Level 1  
  106  7:27  Marine x4  
  110  7:32  Marine x2  
  110  7:37  Terran Infantry Armor Level 1, Marine  
  113  7:45  Marine x4  
  113  7:47  Siege Tank  
  113  7:50  Marine x2  
  122  7:54  Marine  
  122  7:57  Supply Depot x2  
  123  8:00  Supply Depot  
  123  8:02  Marine x4  
  127  8:08  Marine x2  
  127  8:12  Marine  
  130  8:20  Marine x4  
  130  8:22  Supply Depot  
  130  8:23  Refinery  
  130  8:26  Marine x2  
  136  8:30  Marine  
  136  8:33  Siege Tank, Medivac  
  136  8:34  Medivac  
  144  8:38  Marine x4  
  147  8:43  Marine  
  147  8:44  Marine  
  147  8:48  Marine  
  144  9:19  Command Center  
  144  9:23  Marine x7  
  151  9:25  Armory  
  151  9:32  Siege Tank, Medivac x2  
  158  9:41  Marine x3  
Tags
 
League
Silver
Matchup
TvT
Race
Terran
Spawn Locations
Cross Positions
Add a new tag
Caveats
  • Supply blocks, unpowered buildings, or Contaminate may cause inaccurate times.
  • Supply counts are checked every 10 seconds.